 Dungeon Crawl Stone Soup version 0.30-a0-779-g7971cf19c3 (webtiles) character file.

Game seed: 6146908315332231449

60 KleinerIrrer the Ruffian (level 3, -7/31 HPs)
             Began as a Draconian Chaos Knight on Feb 17, 2023.
             Was a Plaything of Xom.
             Mangled by Sigmund
             ... wielding a +3 scythe of venom
              (15 damage)
             ... on level 2 of the Dungeon.
             The game lasted 00:01:53 (1444 turns).

KleinerIrrer the Ruffian (Draconian Chaos Knight)   Turns: 1444, Time: 00:01:54

Health: -7/31      AC:  6    Str: 16    XL:     3   Next: 82%
Magic:  3/3        EV: 12    Int: 12    God:    Xom [......]
Gold:   103        SH:  0    Dex: 10    Spells: 2/2 levels left

rFire   . . .      SeeInvis .      - Unarmed
rCold   . . .      Faith    .    (no shield)
rNeg    . . .      Spirit   .    (body armour unavailable)
rPois   .          Reflect  .    (helmet restricted)
rElec   .          Harm     .    f - +0 cloak
rCorr   .          Rampage  .    (no gloves)
Will    .....                    (no boots)
Stlth   +                        (no amulet)
HPRegen 0.25/turn                (no ring)
MPRegen 0.08/turn                (no ring)

@: lethally poisoned (-7 -> -10)
A: AC +5, unfitting armour, cold-blooded
a: Renounce Religion


You were on level 2 of the Dungeon.
You worshipped Xom.
You were a very special plaything of Xom.
You visited 1 branch of the dungeon, and saw 2 of its levels.

You collected 103 gold pieces.

Inventory:

Missiles
 i - 2 curare-tipped darts
Armour
 f - a +0 cloak (worn)
Jewellery
 g - a +5 ring of evasion
 j - an amulet of regeneration
Scrolls
 b - a scroll of teleportation {unknown}
 d - a scroll of identify {unknown}
 k - a scroll of immolation {unknown}
Potions
 c - 2 potions of curing {unknown}
 e - a potion of mutation {unknown}
 h - a potion of degeneration {unknown}
Miscellaneous
 a - a piece from Xom's chessboard (14/15) (quivered)


   Skills:
 - Level 3.2 Fighting
 - Level 2.1 Dodging
 + Level 4.8 Unarmed Combat


You had 2 spell levels left.
You didn't know any spells.
Your spell library contained the following spells:

 Spells                   Type           Power      Damage    Failure   Level
 Kiss of Death            Conj/Necr      0%         2d5       32%         1
 Confusing Touch          Hex            0%         N/A       69%         3
 Dispel Undead            Necr           0%         3d6       97%         4


Dungeon Overview and Level Annotations

Branches:
Dungeon (2/15)

Altars:

Annotations:
D:2 Sigmund


Innate Abilities, Weirdness & Mutations

Your plain brown scales are hard. (AC +5)
You cannot fit into any form of body armour.
You are cold-blooded and may be slowed by cold attacks.


Message History

You punch the frilled lizard!
You kill the frilled lizard!
Found a stone staircase leading down.
k - a scroll labelled ROUCSO EHUEF
c - 2 golden potions (gained 1)
Found a stone staircase leading up.
Sigmund the Dreaded comes into view.
He is wielding a +3 scythe of venom.
Sigmund shouts!
Sigmund hits you from afar with a +3 scythe of venom.
You are poisoned.
You make a move on Xom's chessboard...
Sigmund seems to grow stronger.
You feel very sick.
An adder comes into view.
Sigmund hits you from afar with a +3 scythe of venom.
You feel sick.
You feel sick.
You emit a cloud of colourful smoke!
You feel sick.
You feel sick. The adder attacks as you move away! The adder barely misses you.
You feel sick.
You feel sick. The adder bites you.
You are more poisoned.
The adder poisons you!
You punch the adder!
Your tail-slap misses the adder.
The adder is severely wounded.
You feel sick. The adder closely misses you.
You miss the adder.
The adder is severely wounded.
You feel sick.
Sigmund mumbles some strange words.
Sigmund flickers and vanishes!
Deactivating autopickup; reactivate with Ctrl-A.
The adder bites you but does no damage.
You miss the adder.
Your tail-slap misses the adder.
The adder is severely wounded.
You feel sick. The adder barely misses you.
You hit the adder. Your punch misses the adder.
The adder is almost dead.
You feel sick. Something hits you!
You die...

## .. ###. ..@
######.####################
.........§§§S@............#
######...§§§......#######.#
############.#.. #.# #.#.#
#.# #.#.# #.# #.#.###.#.#
#.......#.# ###.#####.#
#.........#


You could see an adder.

Vanquished Creatures
  2 adders (D:2)
  A worm (D:2)
  A dart slug (D:1)
  3 ball pythons
  5 endoplasms
  2 giant cockroaches
  A goblin (D:2)
  4 hobgoblins
  3 jackals (D:1)
  A quokka (D:1)
  5 bats
  2 frilled lizards
  2 kobolds (D:1)
  4 rats
36 creatures vanquished.

Notes
Turn   | Place    | Note
-------+----------+-------------------------------------------
     0 | D:1      | KleinerIrrer the Draconian Chaos Knight began the quest for
                  | the Orb.
     0 | D:1      | Reached XP level 1. HP: 19/19 MP: 1/1
   146 | D:1      | Reached XP level 2. HP: 26/26 MP: 2/2
   256 | D:1      | XOM: divination: detect items
   257 | D:1      | XOM: divination: detect creatures
   293 | D:1      | XOM: silly message
   305 | D:1      | Reached skill level 4 in Unarmed Combat
   347 | D:1      | XOM: silly message
   397 | D:1      | Found a faded altar of an unknown god.
   487 | D:1      | XOM: divination: detect creatures
   681 | D:2      | XOM is BORED!
   681 | D:2      | XOM: 2-stop teleportation journey
   689 | D:2      | Reached XP level 3. HP: 31/31 MP: 3/3
   737 | D:2      | XOM: noise
  1433 | D:2      | Noticed Sigmund
  1437 | D:2      | XOM: smoke on damage
  1444 | D:2      | Mangled by Sigmund

Illustrated notes

Levels and vault maps discovered:
D:1:      dpeg_arrival_ternary, layout_basic,
          shapermc_ecumenical_altar_totnotflames, minmay_misc_feat_tower,
          minmay_misc_feat_pillars, chequers_serial_rivers_micro_c
D:2:      layout_basic, minmay_misc_feat_cross, uniq_sigmund

Skill      XL: |  1  2 |
---------------+-------+-----
Unarmed Combat | 4 |  4.8
Fighting       | |  3.2
Dodging        | |  2.1

Action                     || total
---------------------------++-------
  Melee: Unarmed           ||   129
         Tailslap          ||    13
         Punch             ||     1
  Evoke: Piece from Xom's  ||     1
 Armour: Skin              ||    51
  Dodge: Dodged            ||    84

Table legend: (Time is in decaauts)
 A = Elapsed time spent in this place.
 B = Non-inter-level travel time spent in this place.
 C = Inter-level travel time spent in this place.
 D = Time resting spent in this place.
 E = Time spent auto-exploring this place.
 F = Levels seen in this place.
 G = Mean time per level.
                   A        B        C        D        E       F      G
               +--------+--------+--------+--------+--------+-----+--------+
         Total |   1434 |   1379 |     55 |      0 |   1107 |   2 |  717.0 |
       Dungeon |   1434 |   1379 |     55 |      0 |   1107 |   2 |  717.0 |
               +--------+--------+--------+--------+--------+-----+--------+

Top non-repeatable levels by time:
     D:2: 771 daAuts
     D:1: 662 daAuts
